 Dungeon Crawl Stone Soup version 0.25.0-9-g26727b657a (webtiles) character file.

Game seed: 8932190197442089747

4755 shadizar the Covert (level 10, -5/69 HPs)
             Began as an Octopode Transmuter on June 21, 2020.
             Was an Elder of Okawaru.
             Killed from afar by Psyche (9 damage)
             ... with a puff of flame
             ... on level 8 of the Dungeon.
             The game lasted 00:33:12 (13893 turns).

shadizar the Covert (Octopode Transmuter)          Turns: 13893, Time: 00:33:14

Health: -5/69      AC:  1    Str: 13    XL:     10   Next: 46%
Magic:  0/5        EV: 19    Int: 10    God:    Okawaru [****..]
Gold:   771        SH:  0    Dex: 15    Spells: 12/18 levels left

rFire    . . .     SeeInvis +   f - +6 short sword "ETAOIN SHRDLU" {antimagic, rN++ Int-5 Dex+2}
rCold    . . .     Gourm    .   z - +3 buckler {reflect}
rNeg     + + .     Faith    .   (helmet restricted)
rPois    .         Spirit   +   o - amulet of guardian spirit
rElec    .         Reflect  +   y - ring of see invisible
rCorr    .         Harm     .   (no ring)
MR       .....                  (no ring)
Stlth    +++.......             (no ring)
HPRegen  0.21/turn              (no ring)
MPRegen  0.09/turn              (no ring)
                                (no ring)
                                (no ring)

@: confused, heroism, lightly drained
A: almost no armour, stealthy swim, amphibious, 8 rings, constrict 8, camouflage
1, gelatinous body 1
a: Heroism, Renounce Religion


You were on level 8 of the Dungeon.
You worshipped Okawaru.
Okawaru was greatly pleased with you.
You were not hungry.

You visited 2 branches of the dungeon, and saw 10 of its levels.

You collected 771 gold pieces.

Inventory:

Hand Weapons
 f - the +6 short sword "ETAOIN SHRDLU" (weapon) {antimagic, rN++ Int-5 Dex+2}
   (You found it on level 8 of the Dungeon)

   It reduces the magical energy of the wielder, and disrupts the spells and
   magical abilities of those hit.
   Natural abilities and divine invocations are not affected.
   It affects your intelligence (-5).
   It affects your dexterity (+2).
   It greatly protects you from negative energy.
 l - a +5 dagger of speed
 x - a cursed -1 hunting sling
Missiles
 a - 68 arrows
 w - 194 stones (quivered)
Armour
 z - a +3 buckler of reflection (worn)
Magical Staves
 u - an uncursed staff of fire
Jewellery
 o - an amulet of guardian spirit (around mantle)
 y - a ring of see invisible (left tentacle)
Wands
 d - a wand of acid (9)
 e - a wand of digging (4)
 p - a wand of iceblast (16)
 q - a wand of flame (20)
 r - a wand of polymorph (27)
Scrolls
 g - 10 scrolls of teleportation
 h - a scroll of enchant weapon
 k - 2 scrolls of fog
 m - 3 scrolls of magic mapping
Potions
 b - a potion of curing
 i - a potion of ambrosia
 n - 3 potions of flight
 s - a potion of degeneration {unknown}
 t - 5 potions of lignification
 v - a potion of brilliance {unknown}
Comestibles
 c - 13 rations


   Skills:
 + Level 6.9(11.8) Fighting
 - Level 5.1(9.9) Short Blades
   Level 1.1(6.0) Maces & Flails
 + Level 4.4(9.2) Dodging
 - Level 8.2(13.1) Stealth
 + Level 3.7(8.5) Shields
 - Level 3.0(7.8) Unarmed Combat
 + Level 4.8(4.7) Spellcasting
 + Level 5.2(5.1) Transmutations
 + Level 5.7(5.6) Poison Magic
 - Level 2.6(2.5) Invocations
 + Level 1.3(1.2) Evocations


You had 12 spell levels left.
You knew the following spells:

 Your Spells              Type           Power        Failure   Level  Hunger
a - Beastly Appendage     Tmut           ##....       3%          1    #......
b - Sticks to Snakes      Tmut           ##......     4%          2    ##.....
c - Spider Form           Tmut/Pois      ##........   8%          3    ###....

Your spell library contained the following spells:

 Spells                   Type           Power        Failure   Level  Hunger
 Corona                   Hex            #......      24%         1    #......
 Ensorcelled Hibernation  Hex/Ice        #.....       34%         2    ##.....
 Confusing Touch          Hex            #.......     56%         3    ###....
 Dazzling Flash           Conj/Hex       #.....       56%         3    ###....
 Tukima's Dance           Hex            #.......     56%         3    ###....
 Ice Form                 Ice/Tmut       #.......     63%         4    #####..
 Blade Hands              Tmut           ##........   63%         5    ######.


Dungeon Overview and Level Annotations

Branches:
Dungeon (9/15)             Temple (1/1) D:7
   Lair: D:8-11         Orc: D:9-12

Altars:
Ashenzari
Cheibriados
Dithmenos
Fedhas
Gozag
Hepliaklqana
Makhleb
Nemelex Xobeh
Okawaru
Qazlal
Ru
Sif Muna
Trog
Uskayaw
Vehumet
Wu Jian
Xom
Zin
The Shining One
Beogh

Annotations:
D:3 3 runed translucent doors, xccam's ghost, amateur DrTm
D:7 2 transporters
D:8 exclusion: orange crystal statue, Pikel; Psyche


Innate Abilities, Weirdness & Mutations

You cannot wear most types of armour.
You are very stealthy in the water. (Stealth+)
You are amphibious.
You can wear up to eight rings at the same time.
You can use your tentacles to constrict eight enemies at once.
Your skin changes colour to match your surroundings (Stealth+).
Your rubbery body absorbs attacks. (AC +1, EV +1)


Message History

The magic dart hits you!
* * * LOW HITPOINT WARNING * * *
Psyche hits you but does no damage. You partially resist.
You feel drained.
Psyche hits you with a +2 dagger of chaos.
* * * LOW HITPOINT WARNING * * *
You partially resist.
You feel drained. Psyche closely misses you.
You're too confused to move!
Psyche gestures at you while chanting. The puff of frost hits you.
* * * LOW HITPOINT WARNING * * *
Psyche barely misses you.
You completely miss Psyche.
Psyche is lightly wounded.
Psyche points at you and mumbles some strange words.
The magic dart hits you!
* * * LOW HITPOINT WARNING * * *
Psyche points at you and mumbles some strange words.
The puff of flame hits you!
You die...

#.# #.# #.# #.#
##################.#######.#
..........................>#
########...........#########
#...>.......# .
#...........# .#
#...........# .#
#.......@@..# ...
#........p..# ...
########'##.#
########Z##.#####
#...............#
#.######.##.###.#
#.........#.# #.#
.###+#########).#.# #.#
.................#.# #.#


You could see Psyche (fast), a slave and a jackal skeleton.

Vanquished Creatures
  Harold (D:8)
  A troll (D:9)
  A hippogriff (D:7)
  A human (D:7)
  3 yaks (D:9)
  3 hogs (D:7)
  Edmund (D:6)
  An orc warrior (D:5)
  A slave (D:8)
  A black bear (D:9)
  2 phantoms
  A sky beast (D:5)
  An ogre (D:6)
  4 big kobolds
  A bullfrog (D:8)
  A wyvern skeleton (D:6)
  2 scorpions (D:8)
  2 howler monkeys
  2 bullfrog zombies (D:6)
  5 jellies
  7 orc priests
  3 hounds
  3 bullfrog skeletons
  3 iguanas
  7 orc wizards
  3 worker ants
  A killer bee zombie (D:8)
  2 hound zombies
  A hound skeleton (D:7)
  7 gnolls
  6 adders
  2 shadow imps
  An ooze (D:1)
  3 worms (D:2)
  4 dart slugs
  4 leopard geckos
  37 orcs
  6 giant cockroaches
  9 goblins
  8 hobgoblins
  6 jackals
  7 quokkas
  A ball python (D:1)
  A ball python skeleton (D:4)
  8 bats
  4 frilled lizards
  A jackal skeleton (D:5)
  26 kobolds
  A quokka zombie (D:9)
  9 rats
216 creatures vanquished.

Vanquished Creatures (collateral kills)
  A hog (D:6)
1 creature vanquished.

Vanquished Creatures (others)
  2 bushes (D:2)
  3 plants (D:2)
5 creatures vanquished.

Grand Total: 222 creatures vanquished

Notes
Turn   | Place    | Note
-------+----------+-------------------------------------------
     0 | D:1      | shadizar the Octopode Transmuter began the quest for the
                  | Orb.
     0 | D:1      | Reached XP level 1. HP: 13/13 MP: 3/3
   133 | D:1      | Reached skill level 1 in Stealth
   262 | D:1      | Reached XP level 2. HP: 18/18 MP: 5/5
   404 | D:1      | Reached skill level 2 in Stealth
   678 | D:1      | Reached XP level 3. HP: 15/24 MP: 6/6
  1273 | D:2      | Found a hazy altar of Hepliaklqana.
  1274 | D:2      | Noticed an ogre
  1432 | D:2      | Reached skill level 3 in Stealth
  1982 | D:2      | Reached XP level 4. HP: 26/30 MP: 7/7
  2042 | D:2      | Reached skill level 1 in Maces & Flails
  2670 | D:3      | Reached skill level 1 in Short Blades
  2670 | D:3      | Reached skill level 4 in Stealth
  2670 | D:3      | Reached XP level 5. HP: 21/36 MP: 6/8
  2679 | D:3      | Found a runed translucent gate.
  2948 | D:3      | Found a runed translucent gate.
  2948 | D:3      | Found a runed translucent gate.
  2950 | D:3      | Noticed xccam's ghost (amateur DrTm)
  2951 | D:3      | Noticed a big kobold
  4124 | D:4      | Noticed a phantom
  4126 | D:4      | Found a sacrificial altar of Ru.
  4150 | D:4      | Killed a phantom
  4150 | D:4      | Reached XP level 6. HP: 23/43 MP: 6/9
  5078 | D:4      | Reached XP level 7. HP: 48/48 MP: 10/10
  5602 | D:2      | Found a bloodstained altar of Trog.
  6444 | D:5      | Entered Level 5 of the Dungeon
  6460 | D:5      | Reached skill level 5 in Stealth
  6729 | D:5      | Found a radiant altar of Vehumet.
  7349 | D:5      | Reached skill level 6 in Stealth
  7714 | D:5      | Noticed a +0 dagger
  7714 | D:5      | Noticed a +0 dagger
  7733 | D:5      | Found a hide-covered altar of Uskayaw.
  7858 | D:6      | Reached XP level 8. HP: 54/54 MP: 11/11
  7862 | D:6      | Learned a level 2 spell: Sticks to Snakes
  7866 | D:6      | Learned a level 3 spell: Spider Form
  7893 | D:6      | Noticed Edmund
  7934 | D:6      | Found an iron altar of Okawaru.
  8180 | D:6      | Reached skill level 1 in Poison Magic
  8215 | D:6      | Became a worshipper of Warmaster Okawaru
  8509 | D:6      | Reached skill level 5 in Fighting
  9228 | D:6      | Reached * piety under Okawaru
  9612 | D:6      | Killed Edmund
  9872 | D:5      | Reached XP level 9. HP: 48/61 MP: 9/13
 10292 | D:7      | Found a glowing golden altar of the Shining One.
 10328 | D:7      | Reached skill level 1 in Invocations
 10558 | D:7      | Reached skill level 1 in Shields
 10925 | D:7      | Reached ** piety under Okawaru
 10925 | D:7      | Reached skill level 5 in Short Blades
 11179 | D:7      | Found a transporter.
 11181 | D:7      | Found a transporter.
 11184 | D:7      | Found a roughly hewn altar of Beogh.
 11249 | D:7      | Found a staircase to the Ecumenical Temple.
 11261 | Temple   | Entered the Ecumenical Temple
 11493 | D:7      | Reached skill level 7 in Stealth
 11846 | D:7      | Reached *** piety under Okawaru
 12191 | D:8      | Got a translucent short sword
 12192 | D:8      | Identified the +6 short sword "ETAOIN SHRDLU" {antimagic,
                  | rN++ Int-5 Dex+2} (You found it on level 8 of the Dungeon)
 12229 | D:8      | Noticed an orange crystal statue
 12484 | D:8      | Noticed Harold
 12523 | D:9      | Noticed a troll
 12540 | D:9      | Killed a troll
 12540 | D:9      | Reached XP level 10. HP: 35/69 MP: 2/16
 12543 | D:9      | Reached skill level 5 in Poison Magic
 12731 | D:9      | Found a snail-covered altar of Cheibriados.
 12849 | D:9      | Reached skill level 8 in Stealth
 12972 | D:9      | Reached skill level 5 in Transmutations
 13625 | D:8      | Killed Harold
 13625 | D:8      | Reached **** piety under Okawaru
 13625 | D:8      | Reached skill level 1 in Evocations
 13815 | D:8      | Noticed Psyche
 13864 | D:8      | Noticed Pikel
 13893 | D:8      | Killed from afar by Psyche

Illustrated notes

Levels and vault maps discovered:
D:1:      dpeg_arrival_boxes_within_box, layout_rooms
D:2:      layout_rooms, nicolae_overflow_crystal_walls, lemuel_doored_altar,
          serial_forest, infiniplex_forest_straight_2, infiniplex_forest_end_3,
          infiniplex_forest_end_2, infiniplex_forest_lined_4_way,
          infiniplex_forest_clump_small, infiniplex_forest_clump_curved,
          infiniplex_forest_clump_medium, infiniplex_forest_clump_long
D:3:      layout_loops_ring, gammafunk_ghost_nasty_kobolds
D:4:      layout_basic, old_standard_altar, first_ration
D:5:      layout_basic, dancing_weapons_uskayaw, vehumet_altar_wand_db,
          hangedman_decor_clover_reticule, guppyfry_early_orc_mine
D:6:      minmay_polygon_palace, layout_cave_pods, lemuel_crystal_altar,
          uniq_edmund
D:7:      gammafunk_beogh_shrine, layout_loops_ring, tso_metal_star,
          minmay_temple_entry_nine_rooms, grunt_livestock,
          chequers_serial_rivers_room_a, supply_closet_lemuel
D:8:      layout_basic, kiku_gazebo_pond_becter, elyvilon_altar_1,
          disabler_island, uniq_psyche, uniq_pikel, uniq_harold
D:9:      layout_rooms, nicolae_overflow_hidden_temple, cheibriados_altar_1
Temple:   jpeg_temple_clearing

Skill      XL: |  1  2  3  4  5  6  7  8  9 10 |
---------------+-------------------------------+-----
Stealth        | 1 2 3 4 6 7 8 |  8.2
Fighting       | 2 3 4 5 6 |  6.9
Maces & Flails | 1 |  1.1
Short Blades   | 1 2 3 4 5 |  5.1
Dodging        | 3 4 |  4.4
Poison Magic   | 3 4 5 |  5.7
Transmutations | 3 4 5 |  5.2
Spellcasting   | 3 4 |  4.8
Invocations    | 2 |  2.6
Shields        | 2 3 |  3.7
Evocations     | 1 |  1.3
Unarmed Combat | |  3.0

Action                   |  1- 3 |  4- 6 |  7- 9 | 10-12 || total
-------------------------+-------+-------+-------+-------++-------
Melee: Unarmed           |    39 |       |    18 |       ||    57
       Tentacles         |    22 |    26 |    77 |    29 ||   154
       Constrict         |    24 |    28 |    66 |    11 ||   129
       Club              |    53 |    15 |       |       ||    68
       Punch             |     2 |     1 |    13 |     8 ||    24
       Dagger            |       |   139 |   349 |       ||   488
       Kick              |       |    13 |     5 |     6 ||    24
       Short sword       |       |       |    18 |    90 ||   108
 Cast: Beastly Appendage |       |     5 |     8 |     1 ||    14
       Sticks to Snakes  |       |       |     1 |       ||     1
Invok: Heroism           |       |       |     5 |     5 ||    10
  Use: Potion            |       |     4 |     2 |       ||     6
       Scroll            |       |       |    14 |     3 ||    17
 Stab: Sleeping          |     7 |    10 |    17 |     1 ||    35
       Distracted        |     2 |     1 |       |       ||     3
       Confused          |       |       |     6 |       ||     6
  Eat: Chunk             |     3 |    10 |    13 |     4 ||    30
       Ration            |       |       |     3 |       ||     3
Armor: Skin              |     5 |     3 |     4 |       ||    12
Dodge: Dodged            |    66 |    67 |   127 |    32 ||   292
Block: Buckler           |       |       |    27 |    18 ||    45
       Reflection        |       |       |     1 |     4 ||     5
